 Dungeon Crawl Stone Soup version 0.27-a0-1325-g58a489ad9e (webtiles) character file.

Game seed: 6941057527002716873

215 Nattfarinn the Skirmisher (level 5, 0/59 HPs)
             Began as an Ogre Hedge Wizard on June 24, 2021.
             Slain by a black bear (3 damage)
             ... on level 5 of the Dungeon.
             The game lasted 00:14:20 (6858 turns).

Nattfarinn the Skirmisher (Ogre Hedge Wizard)       Turns: 6858, Time: 00:14:20

Health: 0/59       AC:  3    Str: 15    XL:     5   Next: 92%
Magic:  1/12       EV:  9    Int: 15    God:
Gold:   182        SH:  0    Dex:  8    Spells: 8/14 levels left

rFire    . . .     SeeInvis .   a - +0 dagger
rCold    . . .     Faith    .   (no shield)
rNeg     . . .     Spirit   .   b - +0 robe
rPois    .         Reflect  .   c - +0 hat
rElec    .         Harm     .   (no cloak)
rCorr    .         Rampage  .   (gloves unavailable)
Will     .....                  (boots unavailable)
Stlth    +.........             (no amulet)
HPRegen  0.19/turn              (no ring)
MPRegen  0.13/turn              (no ring)

@: lethally poisoned (0 -> -3), very slightly contaminated
A: large, unfitting armour, tough skin 1
a: no special abilities


You were on level 5 of the Dungeon.
You visited 1 branch of the dungeon, and saw 5 of its levels.

You collected 182 gold pieces.

Inventory:

Hand Weapons
 a - a +0 dagger (weapon)
Armour
 b - a +0 robe (worn)
 c - a +0 hat (worn)
Wands
 j - a wand of charming (4)
Scrolls
 f - 3 scrolls of identify
 g - a scroll of summoning
 h - a scroll of magic mapping {unknown}
 i - a scroll of silence {unknown}
Potions
 d - a potion of lignification {unknown}
 e - a potion of flight


   Skills:
 * Level 5.9 Fighting
 - Level 1.7 Dodging
 - Level 1.4 Stealth
 + Level 5.0 Spellcasting
 - Level 0.8 Conjurations
 - Level 0.8 Summonings
 - Level 0.8 Translocations


You had 8 spell levels left.
You knew the following spells:

 Your Spells              Type           Power      Damage    Failure   Level
a - Magic Dart            Conj           24%        1d4       12%         1
b - Call Imp              Summ           6%         N/A       17%         2
c - Mephitic Cloud        Conj/Pois/Air  4%         N/A       41%         3

Your spell library contained the following spells:

 Spells                   Type           Power      Damage    Failure   Level
 Apportation              Tloc           12%        N/A       12%         1
 Summon Small Mammal      Summ           24%        N/A       12%         1
 Animate Skeleton         Necr           6%         N/A       16%         1
 Corona                   Hex            3%         N/A       16%         1
 Blink                    Tloc           N/A        N/A       17%         2
 Slow                     Hex            3%         N/A       24%         2
 Conjure Flame            Conj/Fire      5%         6-21      38%         3


Dungeon Overview and Level Annotations

Branches:
Dungeon (5/15)
 Temple: D:4-7

Altars:
Cheibriados
Gozag
Hepliaklqana


Innate Abilities, Weirdness & Mutations

You are too large for most types of armour.
You have tough skin. (AC +1)


Message History

You feel very sick. The scorpion stings your crimson imp.
The scorpion barely misses you. The black bear misses you.
The black bear barely misses you. The black bear claws you.
* * * LOW HITPOINT WARNING * * *
Your crimson imp hits the scorpion but does no damage.
Your crimson imp closely misses the black bear.
You feel much better.
You feel sick.
The scorpion closely misses your crimson imp.
The scorpion stings you but does no damage.
Your crimson imp barely misses the black bear.
Your crimson imp closely misses the scorpion.
The black bear bites you. The black bear barely misses you.
The black bear claws you.
You feel sick. The scorpion stings your crimson imp.
Your crimson imp blinks!
The black bear barely misses you.
The black bear claws you but does no damage.
The black bear claws you.
Your crimson imp barely misses the black bear.
Unknown command.
As you read the scroll labelled EFUGHUVV UFAFEK, it crumbles to dust.
It is a scroll of identify.
g - 2 scrolls of summoning You feel sick.
The scorpion stings your crimson imp.
Your crimson imp closely misses the scorpion.
The scorpion stings you!
* * * LOW HITPOINT WARNING * * *
Your crimson imp blinks!
The scorpion closely misses your crimson imp.
Your crimson imp hits the black bear.
The black bear bites you but does no damage.
The black bear barely misses you.
The black bear claws you but does no damage.
As you read the scroll of summoning, it crumbles to dust.
Wisps of shadow whirl around you...
You feel sick. The scorpion stings you!
* * * LOW HITPOINT WARNING * * *
Your crimson imp blinks!
The scorpion misses your crimson imp. The black bear bites you.
You die...

5...§........
.......5....
.$.......>.
#..........
#....§.....
#..§s......
#.####.Yh5J.?>..
#.....hs@#
###..##### .....
#####. ##


You could see a black bear (ally target), 2 scorpions, a friendly sky beast
(summoned), a friendly hound (summoned), a friendly jelly (summoned) and 3
friendly crimson imps.

Vanquished Creatures
  A jelly (D:4)
  2 orc wizards
  3 adders
  A dart slug (D:1)
  4 orcs
  6 ball pythons
  4 endoplasms
  3 giant cockroaches
  4 goblins
  10 hobgoblins
  2 jackals (D:4)
  11 kobolds
  4 quokkas
  4 bats
  8 frilled lizards
  8 rats
75 creatures vanquished.

Vanquished Creatures (collateral kills)
  A mummy (D:3)
  3 adders
  2 worms
  A dart slug (D:2)
  An orc (D:2)
  3 endoplasms
  A giant cockroach (D:4)
  A hobgoblin (D:4)
  A jackal (D:4)
  A quokka (D:2)
  A ball python (D:4)
  A bat (D:2)
  A frilled lizard (D:2)
18 creatures vanquished.

Grand Total: 93 creatures vanquished

Notes
Turn   | Place    | Note
-------+----------+-------------------------------------------
     0 | D:1      | Nattfarinn the Ogre Hedge Wizard began the quest for the
                  | Orb.
     0 | D:1      | Reached XP level 1. HP: 16/16 MP: 5/5
    57 | D:1      | Reached skill level 1 in Fighting
   199 | D:1      | Reached XP level 2. HP: 21/28 MP: 1/6
  1249 | D:1      | Reached XP level 3. HP: 14/37 MP: 3/8
  1668 | D:2      | HP: 1/37 [worm (8)]
  2073 | D:1      | Learned a level 2 spell: Call Imp
  2118 | D:2      | Found a faded altar of an unknown god.
  2789 | D:2      | Reached XP level 4. HP: 43/48 MP: 0/10
  3959 | D:1      | Learned a level 3 spell: Mephitic Cloud
  4243 | D:2      | Reached skill level 5 in Fighting
  4243 | D:2      | Reached XP level 5. HP: 55/57 MP: 3/12
  4362 | D:3      | Found a hazy altar of Hepliaklqana.
  4496 | D:3      | Found a snail-covered altar of Cheibriados.
  5776 | D:4      | Found an opulent altar of Gozag.
  6234 | D:4      | Reached skill level 5 in Spellcasting
  6842 | D:5      | Entered Level 5 of the Dungeon
  6842 | D:5      | Noticed a black bear
  6858 | D:5      | Slain by a black bear

Illustrated notes

Levels and vault maps discovered:
D:1:      wander_arrival_desolate, layout_basic, serial_curves, eino_curves_01,
          eino_curves_01, eino_curves_03, st_stairs_3, kennysheep_another_room
D:2:      layout_rooms, basic_ecumenical_altar, serial_curves, eino_curves_03,
          eino_curves_03, nrook_uturn, corexii_leaking_fountain,
          skrybe_limestone_x, minmay_misc_feat_nine_boxes
D:3:      layout_loops_corners, slow_altar_1, lemuel_round_altar
D:4:      layout_rooms, lemuel_round_altar
D:5:      layout_rooms, minmay_temple_entry_glass, serial_shops,
          nicolae_shop_trees

Skill      XL: |  1  2  3  4  5 |
---------------+----------------+-----
Fighting       | 1 3 5 |  5.9
Spellcasting   | 4 5 |  5.0
Dodging        | |  1.7
Stealth        | |  1.4
Conjurations   | |  0.8
Summonings     | |  0.8
Translocations | |  0.8

Action                   |  1- 3 |  4- 6 || total
-------------------------+-------+-------++-------
Melee: Dagger            |    67 |   121 ||   188
 Cast: Magic Dart        |    96 |   107 ||   203
       Call Imp          |     2 |    45 ||    47
       Mephitic Cloud    |       |     2 ||     2
  Use: Potion            |     1 |     3 ||     4
       Scroll            |       |     3 ||     3
Armor: Robe              |    20 |    78 ||    98
Dodge: Dodged            |    34 |   104 ||   138

Table legend: (Time is in decaauts)
 A = Elapsed time spent in this place.
 B = Non-inter-level travel time spent in this place.
 C = Inter-level travel time spent in this place.
 D = Time resting spent in this place.
 E = Time spent auto-exploring this place.
 F = Levels seen in this place.
 G = Mean time per level.
                   A        B        C        D        E       F      G
               +--------+--------+--------+--------+--------+-----+--------+
         Total |   6850 |   6599 |    251 |   1780 |   3737 |   5 | 1370.0 |
       Dungeon |   6850 |   6599 |    251 |   1780 |   3737 |   5 | 1370.0 |
               +--------+--------+--------+--------+--------+-----+--------+

Top non-repeatable levels by time:
     D:1: 2812 daAuts
     D:2: 1503 daAuts
     D:3: 1358 daAuts
     D:4: 1160 daAuts
     D:5: 15 daAuts
